 Dungeon Crawl Stone Soup version 0.27.1-33-g824d729ab1 (webtiles) character file.

Game seed: 5539133399142062699

47 MisterFreud the Chopper (level 3, -1/31 HPs)
             Began as a Hill Orc Abyssal Knight on Dec 19, 2021.
             Was a Believer of Lugonu.
             Killed by nerve-wracking pain
             ... invoked by an orc priest
              (11 damage)
             ... on level 4 of the Dungeon.
             The game lasted 00:01:59 (1536 turns).

MisterFreud the Chopper (Hill Orc Abyssal Knight)   Turns: 1536, Time: 00:02:00

Health: -1/31      AC:  8    Str: 15    XL:     3   Next: 70%
Magic:  4/4        EV:  6    Int: 12    God:    Lugonu [**....]
Gold:   88         SH:  0    Dex: 10    Spells: 2/2 levels left

rFire    . . .     SeeInvis .   a - +1 hand axe
rCold    . . .     Faith    .   (no shield)
rNeg     . . .     Spirit   .   i - +0 chain mail
rPois    .         Reflect  .   (no helmet)
rElec    .         Harm     .   (no cloak)
rCorr    .         Rampage  .   (no gloves)
Will     .....                  (no boots)
Stlth    ..........             (no amulet)
HPRegen  0.10/turn              h - +4 ring of slaying
MPRegen  0.09/turn              (no ring)

@: no status effects
A: no striking features
a: Renounce Religion, Convert to Beogh, Depart the Abyss, Bend Space


You were on level 4 of the Dungeon.
You worshipped Lugonu.
Lugonu was pleased with you.
You visited 1 branch of the dungeon, and saw 4 of its levels.
You visited the Abyss 1 time.

You collected 88 gold pieces.

Inventory:

Hand Weapons
 a - a +1 hand axe (weapon)
Missiles
 j - 17 poisoned darts
Armour
 b - a +0 leather armour
 i - a +0 chain mail (worn)
Jewellery
 h - a +4 ring of slaying (left hand)
Scrolls
 e - a scroll of teleportation {unknown}
 g - 3 scrolls of identify {unknown}
Potions
 c - 2 potions of degeneration {unknown}
 d - 2 potions of attraction {unknown}
 f - 2 potions of heal wounds {unknown}


   Skills:
 - Level 3.6 Fighting
 + Level 4.9 Axes
 + Level 2.6 Armour
 - Level 0.7 Dodging
 - Level 2.4 Invocations


You had 2 spell levels left.
You didn't know any spells.
Your spell library contained the following spells:

 Spells                   Type           Power      Damage    Failure   Level
 Shock                    Conj/Air       0%         1d3       100%        1
 Dazzling Flash           Conj/Hex       0%         N/A       100%        3
 Swiftness                Air            0%         N/A       100%        3
 Airstrike                Air            0%         N/A       100%        4
 Agony                    Necr           0%         N/A       100%        5
 Silence                  Hex/Air        0%         N/A       100%        5


Dungeon Overview and Level Annotations

Branches:
Dungeon (4/15)
 Temple: D:4-7

Altars:


Message History

There is an open door here.
The orc priest calls down the wrath of Beogh upon you.
Beogh smites you!
You hear an angry hiss.
There is a stone staircase leading down here.
You climb downwards.
You hear the sound of rushing water.
There is an entrance to a sewer on this level.
Hurry and find it before the portal rusts away!
Found 9 gold pieces.
Found a stone staircase leading down.
There is a stone staircase leading up here.
Unknown command.
There is a stone staircase leading down here.
You now have 88 gold pieces (gained 9).
You start resting.
You hear the slow rusting of a very distant drain.
There is a stone staircase leading up here.
You climb upwards.
The ball python hisses angrily.
The orc priest hits you with a +0 hand axe.
There is a stone staircase leading down here.
The orc priest hits you but does no damage.
You climb downwards.
You hear the sound of rushing water.
There is an entrance to a sewer on this level.
Hurry and find it before the portal rusts away!
There is a stone staircase leading up here.
Unknown command.
Unknown command.
You hit the orc priest.
The orc priest is moderately wounded.
The orc priest invokes the aid of Beogh against you.
Beogh smites you!
* * * LOW HITPOINT WARNING * * *
You hit the orc priest.
The orc priest is heavily wounded.
The orc priest miscasts a cantrip.
You slash the orc priest!
The orc priest is almost dead.
The orc priest invokes the aid of Beogh against you.
Pain shoots through your body!
You die...

..... ...
......##.## #
..........# .
#.....#..# .#
#.....#..#+#.#
#............#
#............#
#....o.......#
###...@>.....#
#..........#
#..........#
#.....######
#######


You could see an orc priest.

Vanquished Creatures
  A gnoll (D:3)
  A dart slug (D:2)
  6 endoplasms
  A giant cockroach (D:1)
  3 goblins
  3 hobgoblins
  5 ball pythons
  3 bats (D:1)
  A frilled lizard (D:3)
  4 kobolds
  5 rats
33 creatures vanquished.

Notes
Turn   | Place    | Note
-------+----------+-------------------------------------------
     0 | Abyss:1  | MisterFreud the Hill Orc Abyssal Knight began the quest for
                  | the Orb.
     0 | Abyss:1  | Reached XP level 1. HP: 19/19 MP: 2/2
     4 | D:1      | Escaped the Abyss
    30 | D:1      | Reached skill level 3 in Axes
   161 | D:1      | Reached XP level 2. HP: 21/26 MP: 3/3
   355 | D:1      | Reached skill level 4 in Axes
   462 | D:1      | Found a faded altar of an unknown god.
   907 | D:2      | Reached XP level 3. HP: 31/31 MP: 4/4
   957 | D:2      | Reached ** piety under Lugonu
  1536 | D:4      | Killed from afar by an orc priest

Illustrated notes

Levels and vault maps discovered:
D:1:      dpeg_arrival_line_fractal, layout_rooms, serial_rivers,
          chequers_serial_rivers_micro_e, chequers_serial_rivers_small_3,
          chequers_serial_rivers_micro_c, chequers_serial_rivers_micro_e,
          chequers_serial_rivers_micro_e, chequers_serial_rivers_micro_b,
          ebering_ecumenical_altar_box
D:2:      layout_basic
D:3:      layout_basic, wad_orctagon
D:4:      layout_basic, cheibrodos_sewer_entry_drain, gammafunk_ghost_icy,
          uniq_natasha

Skill      XL: |  1  2 |
---------------+-------+-----
Axes           | 3 4 |  4.9
Fighting       | |  3.6
Armour         | |  2.6
Dodging        | |  0.7
Invocations    | |  2.4

Action                   || total
-------------------------++-------
Melee: Hand axe          ||    79
Armor: Leather armour    ||    14
       Chain mail        ||    11
Dodge: Dodged            ||    44
